AoeStats
← juankmolo

Fortress

510001675Analyzed
2v2 RM · 3d ago on Sep 29, 2026· 35m 23s· 4 players
Game mode
Random Map
Map size
Normal (6 player)
Population
200
Speed
Normal
Resources
Standard
Victory
Conquest
Starting age
Dark Age
Ending age
Imperial Age
RankedLock teamsTeams togetherTeam positionsShared explorationLock speedFull tech treeHidden civsTurbo modeCheats
Victory
Defeat
🇺🇸 Bohemians · United States
1097
+13
🇹🇷 Turks · Türkiye
1015
+16
🇨🇴 Burgundians · Colombia
1037
-15
🇨🇴 Goths · Colombia
1013
-14
juankmolo
1:13 Loom
8:08 Feudal Age
8:43 Double-Bit Axe
9:22 Horse Collar
12:37 Castle Age
11:56 Wheelbarrow
12:15 Scale Barding Armor
12:26 Forging
12:54 Stone Mining
13:27 Gold Mining
16:57 Bow Saw
20:26 Heavy Plow
24:32 Imperial Age
22:55 Scale Barding Armor
22:51 Padded Archer Armor
22:42 Fletching
22:39 Crossbowman
24:47 Husbandry
25:56 Cavalier
31:18 Two-Man Saw
30:43 Pikeman
31:23 Squires
32:01 Hand Cart
danilocanase
8:25 Feudal Age
11:56 Castle Age
10:31 Scale Barding Armor
10:38 Forging
10:25 Double-Bit Axe
12:31 Forging
13:40 Horse Collar
14:11 Bow Saw
23:37 Chain Barding Armor
24:11 Husbandry
26:02 Iron Casting
29:10 Imperial Age
26:44 Fletching
27:57 Two-Man Saw
26:59 Heavy Plow
26:50 Gold Mining
28:45 Murder Holes
29:11 Ballistics
29:12 Loom
31:23 Chemistry
30:36 Bodkin Arrow
30:44 Padded Archer Armor
30:31 Elite Skirmisher
34:11 Conscription
bagsflyin
8:24 Feudal Age
8:54 Double-Bit Axe
9:21 Horse Collar
12:41 Castle Age
11:36 Wheelbarrow
17:00 Imperial Age
17:14 Bow Saw
17:25 Fletching
19:41 Wheelbarrow
18:36 Pikeman
21:05 Heavy Plow
25:14 Forging
26:14 Hand Cart
26:29 Padded Archer Armor
31:20 Bodkin Arrow
31:27 Elite Skirmisher
32:32 Ballistics
33:12 Chemistry
32:51 Leather Archer Armor
SexyDaddy
8:57 Feudal Age
13:00 Castle Age
11:19 Double-Bit Axe
17:30 Imperial Age
16:46 Horse Collar
18:36 Loom
19:44 Bloodlines
22:41 Gold Mining
23:15 Padded Archer Armor
24:20 Heavy Plow
27:39 Heavy Camel Rider
30:32 Husbandry
33:21 Gold Shaft Mining
35:29 Wheelbarrow
Connection lost

Rejoining the realm…

Still unreachable

The connection could not be restored.

Session expired

The server has moved on; the page needs a fresh start.